 Dungeon Sprint DCSS version 0.27.1 (webtiles) character file.

Game seed: 7254349361026865190

177 styxcanada the Covert (level 5, -1/28 HPs)
             Began as a Spriggan Brigand on Aug 22, 2021.
             Was an Initiate of Gozag.
             Slain by a spriggan (15 damage)
             ... in the Dungeon (Sprint IV: "Fedhas' Mad Dash").
             The game lasted 00:01:29 (248 turns).

styxcanada the Covert (Spriggan Brigand)             Turns: 248, Time: 00:01:29

Health: -1/28      AC:  3    Str:  7    XL:     5   Next: 30%
Magic:  5/6        EV: 19    Int: 12    God:    Gozag
Gold:   152        SH:  0    Dex: 18    Spells: 4/4 levels left

rFire    . . .     SeeInvis +   a - +2 dagger
rCold    . . .     Faith    .   (shield restricted)
rNeg     . . .     Spirit   .   b - +0 robe
rPois    .         Reflect  .   (helmet restricted)
rElec    .         Harm     .   c - +0 cloak
rCorr    .         Rampage  .   (gloves unavailable)
Will     .....     NoTele   +   (boots unavailable)
Stlth    ++++++....             l - amulet of invisibility {+Inv}
HPRegen  0.09/turn              (no ring)
MPRegen  0.10/turn              (no ring)

@: very slightly contaminated, invisible (expiring), very quick
A: very small, no large weapons, unfitting armour, see invisible, speed 3
a: Renounce Religion, Evoke Invisibility, Potion Petition, Call Merchant, Bribe
Branch


You were in the Dungeon.
You worshipped Gozag.
Gozag was aware of your devotion.
You visited 1 branch You collected 152 gold pieces.

Inventory:

Hand Weapons
 a - a +2 dagger (weapon)
Missiles
 d - 4 poisoned darts (quivered)
 e - 2 curare-tipped darts
Armour
 b - a +0 robe (worn)
 c - a +0 cloak (worn)
Jewellery
 l - the amulet of invisibility (around neck) {+Inv}
   (You found it in the Dungeon)

   [amulet of nothing]

   +Inv:      It lets you turn invisible.
Scrolls
 k - a scroll of blinking
Potions
 f - a potion of curing
 g - a potion of heal wounds
 h - a potion of haste
 i - 2 potions of magic
 j - a potion of berserk rage


   Skills:
 * Level 3.4 Fighting
 + Level 3.5 Short Blades
 + Level 3.0 Throwing
 * Level 4.9 Dodging
 * Level 14.1 Stealth
 + Level 0.8 Evocations


You had 4 spell levels left.
You didn't know any spells.
Your spell library was empty.

Dungeon Overview and Level Annotations

Branches:
Dungeon (1/1)

Altars:
Cheibriados
Dithmenos
Elyvilon
Gozag
Hepliaklqana
Kikubaaqudgha
Makhleb
Nemelex Xobeh
Okawaru
Qazlal
Ru
Sif Muna
Trog
Uskayaw
Vehumet
Wu Jian
Xom
Yredelemnul
Zin
The Shining One
Beogh
Jiyva
Lugonu


Innate Abilities, Weirdness & Mutations

You are very small and have problems with some larger weapons.
You are too small for most types of armour.
You have supernaturally acute eyesight. (SInv)
You cover ground extremely quickly. (Speed+++)


Message History

2 spriggans come into view.
Found 13 gold pieces.
A scorpion comes into view.
Found 17 gold pieces.
The spriggan shouts! x2
There is an open door here.
You see here 10 gold pieces.
Throw: 8 darts (poison)
Press: ? - help, Q - select action, (/) - cycle Shift-Dir - straight line, f - scorpion
Aim: a scorpion (wandering, hasn't noticed you, 63% to hit)
You throw a poisoned dart.
The poisoned dart barely misses the spriggan.
The poisoned dart misses the spriggan.
The poisoned dart hits the scorpion.
The spriggan hits you with a +0 rapier!
Ouch! That really hurt!
There is an open door here.
Throw: 7 darts (poison)
Press: ? - help, Q - select action, (/) - cycle Shift-Dir - straight line, f - spriggan
Aim: a spriggan, wielding a +0 rapier and wearing a +0 robe (36% to hit)
You throw a poisoned dart. The poisoned dart hits the spriggan.
The spriggan is poisoned.
The spriggan misses you.
There is a corrupted altar of Lugonu here.
You flicker for a moment.
There is an ancient bone altar of Kikubaaqudgha here.
Throw: 6 darts (poison)
Press: ? - help, Q - select action, (/) - cycle Shift-Dir - straight line, f/p - spriggan
Aim: a spriggan, wielding a +0 rapier and wearing a +0 robe (moderately wounded, poisoned, 36% to hit)
You throw a poisoned dart.
The poisoned dart barely misses the spriggan.
There is a viscous altar of Jiyva here.
There is a hazy altar of Hepliaklqana here.
Throw: 5 darts (poison)
Press: ? - help, Q - select action, (/) - cycle Shift-Dir - straight line, f/p - spriggan
Aim: a spriggan, wielding a +0 rapier and wearing a +0 robe (moderately wounded, poisoned, 36% to hit)
You throw a poisoned dart. The poisoned dart misses the spriggan.
The spriggan closely misses you. The spriggan hits you with a +0 dagger!
Ouch! That really hurt!
You die...
Your body crumbles into a pile of gold.

#################################
.....#.....#.⌠._._._._.⌠.#.$'$(.#
.[...'.#.(.'.._.@i_._._..(.(#s.$#
...†.#.#...#..._.i._._...#..###+#
#########+##.._._._._._..#.$# $
#._._._._._.⌠.#### $
$############### $$ $$ $


You could see 2 spriggans.

Vanquished Creatures
  A scorpion (D)
  3 oklob saplings (D)
  A river rat (D)
  A rat (D)
6 creatures vanquished.

Vanquished Creatures (others)
  A fungus (D)
1 creature vanquished.

Grand Total: 7 creatures vanquished

Notes
Turn   | Place    | Note
-------+----------+-------------------------------------------
     0 | D        | styxcanada the Spriggan Brigand began the quest for the
                  | Orb.
     0 | D        | Reached XP level 1. HP: 10/10 MP: 2/2
     9 | D        | Reached skill level 8 in Stealth
     9 | D        | Reached XP level 2. HP: 15/15 MP: 3/3
    12 | D        | Noticed an oklob sapling
    14 | D        | Killed an oklob sapling
    15 | D        | Reached skill level 10 in Stealth
    15 | D        | Reached XP level 3. HP: 18/18 MP: 4/4
    16 | D        | Noticed a scorpion
    16 | D        | Found the amulet of invisibility {+Inv}
    37 | D        | Killed a scorpion
    38 | D        | Reached skill level 12 in Stealth
    38 | D        | Reached XP level 4. HP: 23/23 MP: 5/5
   174 | D        | Found an opulent altar of Gozag.
   174 | D        | Found a hazy altar of Hepliaklqana.
   174 | D        | Found a burning altar of Makhleb.
   174 | D        | Found a sparkling altar of Nemelex Xobeh.
   174 | D        | Found a snail-covered altar of Cheibriados.
   174 | D        | Found a sacrificial altar of Ru.
   174 | D        | Found a shimmering blue altar of Sif Muna.
   174 | D        | Found a shimmering altar of Xom.
   174 | D        | Found a basalt altar of Yredelemnul.
   175 | D        | Found a viscous altar of Jiyva.
   175 | D        | Found a bloodstained altar of Trog.
   175 | D        | Found an ornate altar of the Wu Jian Council.
   176 | D        | Found an iron altar of Okawaru.
   176 | D        | Found a shadowy altar of Dithmenos.
   176 | D        | Found a glowing silver altar of Zin.
   177 | D        | Found an ancient bone altar of Kikubaaqudgha.
   177 | D        | Found a hide-covered altar of Uskayaw.
   178 | D        | Found a stormy altar of Qazlal.
   178 | D        | Found a white marble altar of Elyvilon.
   178 | D        | Found a glowing golden altar of the Shining One.
   179 | D        | Became a worshipper of Gozag Ym Sagoz the Greedy
   180 | D        | Found a corrupted altar of Lugonu.
   180 | D        | Found a radiant altar of Vehumet.
   185 | D        | Reached skill level 13 in Stealth
   185 | D        | Reached XP level 5. HP: 28/28 MP: 3/6
   229 | D        | Reached skill level 14 in Stealth
   248 | D        | Slain by a spriggan

Illustrated notes

Levels and vault maps discovered:
D:        dungeon_sprint_fedhas [sprint_temple]

Skill      XL: |  1  2  3  4  5 |
---------------+----------------+-----
Dodging        | 2 3 4 |  4.9
Stealth        | 8 10 12 13 14 | 14.1
Fighting       | 2 3 |  3.4
Short Blades   | 3 |  3.5
Throwing       | 3 |  3.0
Evocations     | |  0.8

Action                   |  1- 3 |  4- 6 || total
-------------------------+-------+-------++-------
Melee: Dagger            |     8 |     3 ||    11
Throw: Dart              |     4 |     4 ||     8
 Abil: Evoke Invisibilit |       |     2 ||     2
 Stab: Sleeping          |     2 |     1 ||     3
       Invisible         |       |     1 ||     1
Armor: Robe              |     1 |       ||     1
Dodge: Dodged            |     5 |     3 ||     8
